 Dungeon Crawl Stone Soup version 0.18-a0-1041-gbe91bf5 (webtiles) character file.

72 dvd the Firebug (level 4, -7/24 HPs)
             Began as a Tengu Fire Elementalist on Jan 11, 2016.
             Mangled by timbw's ghost (13 damage)
             ... on level 3 of the Dungeon.
             The game lasted 00:07:22 (2537 turns).

dvd the Firebug (Tengu Fire Elementalist)           Turns: 2537, Time: 00:07:23

Health: -7/24      AC:  2    Str:  8    XL:     4   Next: 26%
Magic:  4/8        EV:  8    Int: 17    God:
Gold:   165        SH:  0    Dex: 14    Spells: 2 memorised, 5 levels left

rFire  + . .     SeeInvis .     a - +2 short sword (speed)
rCold  . . .     Gourm    +     r - +0 robe
rNeg   . . .     Faith    .     (no shield)
rPois  .         Spirit   .     (helmet restricted)
rElec  .         Dismiss  .     (no cloak)
rCorr  .         Reflect  .     (no gloves)
SustAt .         Harm     .     (boots unavailable)
MR     .....                    e - amulet of the gourmand (curse)
Stlth  ++........               (no ring)
                                o - ring of protection from fire

@: not resistant to hostile enchantments, unstealthy
A: beak, talons 3
a: no special abilities


You were on level 3 of the Dungeon.
You were completely stuffed.

You visited 1 branch of the dungeon, and saw 3 of its levels.

You collected 165 gold pieces.

Inventory:

Hand Weapons
 a - a +2 short sword of speed (weapon)
Armour
 r - a +0 robe (worn)
Jewellery
 e - a cursed amulet of the gourmand (around neck)
 o - a ring of protection from fire (left hand)
Scrolls
 f - a scroll of identify {unknown}
 g - a scroll of noise {unknown}
 h - 4 scrolls of teleportation {unknown}
 j - a scroll of fog {unknown}
 m - a scroll of recharging {unknown}
 n - a scroll of remove curse
 p - a scroll of amnesia {unknown}
 s - a scroll of enchant armour {unknown}
Potions
 d - a potion of resistance {unknown}
 l - a potion of lignification {unknown}
 q - 2 potions of heal wounds {unknown}
Books
 b - a book of Flames

   Spells                             Type                      Level
   a - Flame Tongue                   Conjuration/Fire             1
   b - Throw Flame                    Conjuration/Fire             2
   c - Conjure Flame                  Conjuration/Fire             3
   d - Inner Flame                    Hexes/Fire                   3
   e - Sticky Flame                   Conjuration/Fire             4
   f - Fireball                       Conjuration/Fire             5
Comestibles
 c - a bread ration
 i - 2 slices of pizza
 k - a meat ration


   Skills:
 + Level 0.4 Fighting
 + Level 0.2 Short Blades
 + Level 2.5 Dodging
 + Level 2.7 Stealth
 * Level 2.6 Spellcasting
 + Level 2.0 Conjurations
 + Level 4.0 Fire Magic


You had 5 spell levels left.
You knew the following spells:

 Your Spells              Type           Power        Failure   Level  Hunger
a - Flame Tongue          Conj/Fire      ##...        6%          1    #......
b - Throw Flame           Conj/Fire      ##....       10%         2    ##.....


Dungeon Overview and Level Annotations

Branches:
Dungeon (3/15)

Altars:
Makhleb

Annotations:
D:3 timbw's ghost, weakling VSFi


Innate Abilities, Weirdness & Mutations

You have a beak for a mouth.
You have claws for feet.


Message History

Confirm with . or Enter, or press ? or * to list all spells.
Aiming: Flame Tongue
Press: ? - help, Shift-Dir - straight line, f/p - timbw's ghost
Aim: timbw's ghost The flame tongue hits timbw's ghost.
Timbw's ghost is moderately damaged.
Timbw's ghost hits you.
There is a stone staircase leading up here.
Casting: Flame Tongue
Confirm with . or Enter, or press ? or * to list all spells.
Aiming: Flame Tongue
Press: ? - help, Shift-Dir - straight line, f/p - timbw's ghost
Aim: timbw's ghost (moderately damaged)
The flame tongue hits timbw's ghost.
Timbw's ghost is heavily damaged.
Timbw's ghost hits you!
* * * LOW HITPOINT WARNING * * *
Timbw's ghost hits you!
Ouch! That really hurt!
You die...

###.#.g.......#
.####.............#
..................#
.####...#.........#
#...#.##....###
#...#.....#.#
#...####..#.#
#...####..# #
#...W@....#
#.....##.#...#
#####. #.#...# ..
..#.### .$..###..
.##.. ### #. #. .
#.


You could see timbw's ghost.

Vanquished Creatures
  An adder (D:2)
  3 giant geckos
  A giant cockroach (D:2)
  9 goblins
  7 hobgoblins
  7 jackals
  A quokka (D:2)
  7 bats
  3 giant newts
  7 kobolds
  8 rats
54 creatures vanquished.

Notes
Turn   | Place    | Note
--------------------------------------------------------------
     0 | D:1      | dvd the Tengu Fire Elementalist began the quest for the Orb.
     0 | D:1      | Reached XP level 1. HP: 10/10 MP: 4/4
   192 | D:1      | Reached XP level 2. HP: 9/15 MP: 0/6
   904 | D:1      | Reached XP level 3. HP: 13/19 MP: 2/7
   908 | D:1      | Learned a level 2 spell: Throw Flame
  1555 | D:2      | Reached skill level 4 in Fire Magic
  1664 | D:2      | Found a faded altar to an unknown god.
  2108 | D:2      | Reached XP level 4. HP: 24/24 MP: 8/8
  2182 | D:2      | Found a burning altar of Makhleb.
  2531 | D:3      | Noticed timbw's ghost (weakling VSFi)
  2537 | D:3      | Mangled by timbw's ghost

Vault maps used:
D:1:      matt_arrival_los_fun, minmay_distorted
D:2:      lightli_temple_of_fire, ecumenical_altar_1, hangedman_decor_points
D:3:      lemuel_upstairs_altar, grunt_temple_overflow_forces_of_nature,
          uniq_sigmund, uniq_iyjb, uniq_robin

Action                   |  1- 3 |  4- 6 || total
-------------------------+-------+-------++-------
Melee: Short sword       |    20 |     8 ||    28
 Cast: Flame Tongue      |    48 |    12 ||    60
       Throw Flame       |    10 |     4 ||    14
  Use: Scroll            |     1 |       ||     1
 Stab: Sleeping          |     5 |       ||     5
  Eat: Chunk             |    16 |     1 ||    17
